 Dungeon Crawl Stone Soup version 0.29-a0-997-gf6f7e2dfe7 (webtiles) character file.

Game seed: 859544291337981518

28 Sabo the Conjurer (level 2, -8/20 HPs)
             Began as a Draconian Conjurer on Aug 4, 2022.
             Mangled by a gnoll
             ... wielding a +0 flail
              (11 damage)
             ... on level 2 of the Dungeon.
             The game lasted 00:06:33 (1987 turns).

Sabo the Conjurer (Draconian Conjurer)              Turns: 1987, Time: 00:06:34

Health: -8/20      AC:  5    Str:  9    XL:     2   Next: 96%
Magic:  5/5        EV: 12    Int: 18    God:
Gold:   26         SH:  0    Dex:  9    Spells: 4/5 levels left

rFire   . . .      SeeInvis .   o - +0 falchion
rCold   . . .      Faith    .   (no shield)
rNeg    . . .      Spirit   .   (body armour unavailable)
rPois   .          Reflect  .   (helmet restricted)
rElec   .          Harm     .   i - +0 cloak
rCorr   .          Rampage  .   (no gloves)
Will    .....                   (no boots)
Stlth   ++........              (no amulet)
HPRegen 0.06/turn               (no ring)
MPRegen 0.09/turn               (no ring)

@: no status effects
A: AC +4, unfitting armour, cold-blooded
a: no special abilities


You were on level 2 of the Dungeon.
You visited 1 branch of the dungeon, and saw 2 of its levels.

You collected 26 gold pieces.

Inventory:

Hand Weapons
 g - a +0 sling
 o - a +0 falchion (weapon)
Missiles
 f - 2 throwing nets
 m - 6 poisoned darts
Armour
 i - a +0 cloak (worn)
Scrolls
 h - a scroll of magic mapping
 j - a scroll of amnesia
Potions
 a - a potion of magic
 b - a potion of cancellation {unknown}
 d - 2 potions of lignification {unknown}
 e - a potion of flight {unknown}
 k - 2 potions of ambrosia {unknown}


   Skills:
 + Level 0.1 Maces & Flails
 + Level 2.2 Dodging
 + Level 1.8 Stealth
 + Level 2.1 Spellcasting
 + Level 4.5 Conjurations


You had 4 spell levels left.
You knew the following spells:

 Your Spells              Type           Power      Damage    Failure   Level
a - Magic Dart            Conj           72%        1d6       2%          1

Your spell library contained the following spells:

 Spells                   Type           Power      Damage    Failure   Level
 Searing Ray              Conj           36%        2d5       4%          2
 Dazzling Flash           Conj/Hex       20%        N/A       22%         3
 Fulminant Prism          Conj/Hex       5%         3d7       56%         4
 Iskenderun's Mystic Bla  Conj/Tloc      10%        2d4       56%         4


Dungeon Overview and Level Annotations

Branches:
Dungeon (2/15)

Altars:


Innate Abilities, Weirdness & Mutations

Your plain brown scales are hard. (AC +4)
You cannot fit into any form of body armour.
You are cold-blooded and may be slowed by cold attacks.


Message History

You tail-slap the gnoll, but do no damage.
The gnoll is moderately wounded.
The gnoll barely misses you.
You slash the gnoll!
The gnoll is almost dead.
The gnoll hits you with a +0 whip. x2
You hit the gnoll.
You kill the gnoll!
A gnoll comes into view. It is wielding a +0 flail.
The adder closely misses you.
Your Dodging skill increases to level 2!
You barely miss the adder. The adder bites you.
You are poisoned.
The adder poisons you! The adder closely misses you.
You closely miss the adder.
Your tail-slap misses the adder.
You feel sick. The adder closely misses you.
You barely miss the adder.
You feel sick.
The adder bites you but does no damage. x2
You miss the adder.
You tail-slap the adder, but do no damage.
You feel sick.
You are no longer poisoned.
The adder barely misses you. The adder bites you but does no damage.
You barely miss the adder.
The gnoll shouts!
Your tail-slap misses the adder.
The adder misses you.
You miss the adder.
Your tail-slap misses the adder.
The adder barely misses you. x2
You hit the adder.
Your tail-slap misses the adder.
The adder is heavily wounded.
The adder bites you. The adder bites you but does no damage.
You hit the adder but do no damage.
The adder is heavily wounded.
The gnoll hits you with a +0 flail!
* * * LOW HITPOINT WARNING * * *
The adder completely misses you. The gnoll closely misses you.
The adder bites you but does no damage. The gnoll attacks as you move away!
The gnoll hits you with a +0 flail!
Ouch! That really hurt!
You die...

#.# ..#
#.#.##..
#.#.#.. #.#.#.#
.. ###.#.#.#
...
#...#<).#...
#...#.###.#
#...#.#...
#@#.#.###..
#Sg........
#####g#.#.###.#
#....g..#...
#.###.### ###
#.. #... ##...
....


You could see 3 gnolls and an adder.

Vanquished Creatures
  A gnoll (D:2)
  3 endoplasms (D:1)
  3 goblins
  3 hobgoblins (D:1)
  2 ball pythons (D:1)
  2 bats (D:1)
  4 rats (D:1)
18 creatures vanquished.

Notes
Turn   | Place    | Note
-------+----------+-------------------------------------------
     0 | D:1      | Sabo the Draconian Conjurer began the quest for the Orb.
     0 | D:1      | Reached XP level 1. HP: 14/14 MP: 3/3
   863 | D:1      | Reached XP level 2. HP: 20/20 MP: 3/5
  1987 | D:2      | Mangled by a gnoll

Illustrated notes

Levels and vault maps discovered:
D:1:      dpeg_arrival_pond, layout_basic
D:2:      cheibrodos_pilgrimage, layout_basic,
          shapermc_ecumenical_altar_flowoftime, serial_shops,
          nicolae_shop_behind_doors

Skill      XL: |  1  2 |
---------------+-------+-----
Dodging        | 2 |  2.2
Maces & Flails | |  0.1
Stealth        | |  1.8
Spellcasting   | |  2.1
Conjurations   | |  4.5

Action                   || total
-------------------------++-------
Melee: Unarmed           ||     2
       Tailslap          ||     6
       Falchion          ||    13
       Club              ||    10
       Dagger            ||     7
       Punch             ||     1
 Cast: Magic Dart        ||    22
  Use: Scroll            ||     2
 Stab: Sleeping          ||     2
Armor: Skin              ||    14
Dodge: Dodged            ||    25

Table legend: (Time is in decaauts)
 A = Elapsed time spent in this place.
 B = Non-inter-level travel time spent in this place.
 C = Inter-level travel time spent in this place.
 D = Time resting spent in this place.
 E = Time spent auto-exploring this place.
 F = Levels seen in this place.
 G = Mean time per level.
                   A        B        C        D        E       F      G
               +--------+--------+--------+--------+--------+-----+--------+
         Total |   1992 |   1992 |      0 |   1033 |      0 |   2 |  996.0 |
       Dungeon |   1992 |   1992 |      0 |   1033 |      0 |   2 |  996.0 |
               +--------+--------+--------+--------+--------+-----+--------+

Top non-repeatable levels by time:
     D:1: 1857 daAuts
     D:2: 135 daAuts
